 Dungeon Crawl Stone Soup version 0.26-a0-958-gf3041fb45f (webtiles) character file.

Game seed: 7716847256795504852

10173 PentaManta the Cleaver (level 11, -22/142 HPs)
             Began as a Minotaur Berserker on Nov 30, 2020.
             Was a High Priest of Trog.
             Killed from afar by a frost giant (25 damage)
             ... with a bolt of cold
             ... on level 11 of the Dungeon.
             The game lasted 00:23:21 (10501 turns).

PentaManta the Cleaver (Minotaur Berserker)        Turns: 10501, Time: 00:23:21

Health: -22/142    AC: 20    Str: 24    XL:     11   Next: 32%
Magic:  10/10      EV: 13    Int:  7    God:    Trog [*****.]
Gold:   930        SH:  0    Dex: 13    Spells: 10/10 levels left

rFire    . . .     SeeInvis .   n - +9 executioner's axe "Nurut" {vorpal, rC+ Int+3 Dex+2}
rCold    + . .     Faith    .   (shield currently unavailable)
rNeg     . . .     Spirit   .   L - +3 chain mail
rPois    .         Reflect  .   (helmet restricted)
rElec    .         Harm     .   b - +1 cloak
rCorr    .         Rampage  +   (no gloves)
MR       .....                  y - +2 pair of boots {rampage}
Stlth    ..........             i - amulet of regeneration
HPRegen  0.73/turn              (no ring)
MPRegen  0.12/turn              (no ring)

@: berserking, very quick
A: retaliatory headbutt, horns 2
a: Berserk, Trog's Hand, Brothers in Arms, Renounce Religion


You were on level 11 of the Dungeon.
You worshipped Trog.
Trog was extremely pleased with you.
You visited 2 branches of the dungeon, and saw 12 of its levels.
You also visited: Bailey.

You collected 930 gold pieces.

Inventory:

Hand Weapons
 m - a +3 scimitar of flaming
 n - the +9 executioner's axe "Nurut" (weapon) {vorpal, rC+ Int+3 Dex+2}
   (Trog gifted it to you on level 10 of the Dungeon)

   It inflicts extra damage upon your enemies.
   It affects your intelligence (+3).
   It affects your dexterity (+2).
   It protects you from cold.
 q - a +1 dagger of venom
 t - a +3 hand axe of freezing
 u - a +3 antimagic dagger
 z - a +0 flail of holy wrath
 D - a +0 war axe
 J - a +4 hand axe
Missiles
 j - 64 poisoned darts (quivered)
 A - 2 throwing nets
 K - 6 curare-tipped darts
Armour
 b - a +1 cloak (worn)
 y - a +2 pair of boots of rampaging (worn)
 L - a +3 chain mail (worn)
 M - a +0 crystal plate armour
 N - +0 gold dragon scales
 O - a +0 pair of boots of running
 S - a +2 scale mail of cold resistance
Jewellery
 a - an uncursed amulet of guardian spirit
 g - an uncursed ring of fire
 i - an amulet of regeneration (around neck)
 C - an uncursed ring of fire
 I - an uncursed ring of ice
 R - a cursed -4 ring of protection {unknown}
Wands
 d - a wand of digging (8)
 o - a wand of random effects (20)
 F - a wand of disintegration (7)
 H - a wand of iceblast (6)
 Q - a wand of acid (9)
Scrolls
 c - 4 scrolls of identify
 f - 2 scrolls of enchant weapon
 l - 10 scrolls of remove curse
 s - 4 scrolls of magic mapping
 w - 6 scrolls of teleportation
 E - 2 scrolls of fear
 T - a scroll of blinking {unknown}
Potions
 e - 5 potions of curing
 h - 8 potions of heal wounds
 k - 2 potions of resistance
 p - 2 potions of attraction
 r - 2 potions of magic
 v - a potion of berserk rage
 x - 2 potions of brilliance
 B - 3 potions of haste
 G - 2 potions of degeneration
 P - a potion of flight {unknown}


   Skills:
 + Level 8.6 Fighting
 * Level 14.1 Axes
 + Level 10.2 Armour
 + Level 9.3 Dodging


You had 10 spell levels left.
You didn't know any spells.
Your spell library was empty.

Dungeon Overview and Level Annotations

Branches:
Dungeon (11/15)            Temple (1/1) D:4            Lair (0/6) D:8
 Bailey (visited)
    Orc: D:9-12

Altars:
Cheibriados
Dithmenos
Elyvilon
Fedhas
Gozag
Hepliaklqana
Kikubaaqudgha
Makhleb
Nemelex Xobeh
Okawaru
Ru
Sif Muna
Trog
Uskayaw
Vehumet
Xom

Annotations:
D:6 2 transporters


Innate Abilities, Weirdness & Mutations

You reflexively headbutt those who attack you in melee.
You have a pair of horns on your head.


Message History

You slash the orc!
You kill the orc!
Trog accepts your kill.
You hear a shout! x2
The frost giant casts a spell at you. The bolt of cold hits you!! You resist.
* * * LOW HITPOINT WARNING * * *
An orc warrior comes into view. It is wielding a +0 dire flail.
The orc priest closely misses you.
Items here: ( ) = [.
You slice the frost giant!!
The frost giant is moderately wounded.
The frost giant hits you but does no damage.
A kobold demonologist comes into view. It is wielding a +0 dagger.
The orc priest looks braver for a moment.
You slice the frost giant!!
The frost giant is heavily wounded.
The frost giant casts a spell at you. The bolt of cold hits you!! You resist.
You die...

.# ###..###.# .#
#8....... .# ##....#.#
.# #(...#.. .# ##(†.#.#
.### #.#[#.# ...#
##.#).†# #.. ...#
#.##.#†###...# _..#
##.#..##@....#
...######.#.#.#.C##.#.#
.......(#..#...##o
####.##.†)..#.###o. #
#.##.8).......⌠.. #
#.##.....#.###.o## #
#.####..#...# ..# # #.#
#.#.#.#..##K # #..
##.#.)##..


You could see a frost giant, a kobold demonologist, an orc warrior, an orc
priest and an orc.

Vanquished Creatures
  A boulder beetle (D:11)
  A centaur warrior (D:11)
  Erica (D:8)
  An orc knight (Bailey)
  A centaur skeleton (D:9)
  Maggie (D:6)
  Grinder (D:3)
  3 trolls
  2 wyverns (D:10)
  5 yaks (D:11)
  Sigmund (D:2)
  Duvessa (D:5)
  3 orc warriors
  An ice beast (D:5)
  6 sky beasts
  3 phantoms
  5 ogres
  2 centaurs
  3 big kobolds
  6 bullfrogs
  Dowan (D:5)
  2 scorpions
  4 killer bees (D:8)
  14 wights
  4 howler monkeys
  A quasit (D:10)
  A centaur zombie (D:11)
  17 orc wizards
  7 hounds
  7 orc priests
  2 jellies
  A gnoll shaman (D:8)
  An iguana (D:6)
  6 worker ants
  3 hound zombies
  A hound skeleton (D:4)
  A worker ant zombie (D:6)
  9 gnolls
  A howler monkey skeleton (D:5)
  12 adders
  2 white imps
  3 ufetubi
  2 adder skeletons (D:6)
  2 adder zombies
  3 worms
  A dart slug (D:3)
  4 leopard geckos
  42 orcs
  A ball python (D:2)
  7 giant cockroaches
  8 goblins
  12 hobgoblins
  10 jackals
  17 kobolds
  9 quokkas
  8 bats
  5 frilled lizards
  A leopard gecko skeleton (D:5)
  A leopard gecko zombie (D:5)
  A quokka skeleton (D:9)
  A quokka zombie (D:8)
  6 rats
289 creatures vanquished.

Vanquished Creatures (others)
  3 plants (D:2)
3 creatures vanquished.

Grand Total: 292 creatures vanquished

Notes
Turn   | Place    | Note
-------+----------+-------------------------------------------
     0 | D:1      | PentaManta the Minotaur Berserker began the quest for the
                  | Orb.
     0 | D:1      | Reached XP level 1. HP: 19/19 MP: 0/0
   179 | D:1      | Reached skill level 4 in Axes
   355 | D:1      | Reached XP level 2. HP: 26/26 MP: 1/1
   797 | D:2      | Reached skill level 5 in Axes
   797 | D:2      | Reached XP level 3. HP: 31/31 MP: 2/2
   964 | D:2      | Reached ** piety under Trog
  1061 | D:2      | Reached skill level 6 in Axes
  1061 | D:2      | Reached XP level 4. HP: 38/39 MP: 3/3
  1102 | D:2      | Noticed Sigmund
  1108 | D:2      | Killed Sigmund
  1109 | D:2      | Reached skill level 7 in Axes
  1109 | D:2      | Reached XP level 5. HP: 45/45 MP: 4/4
  1452 | D:2      | Reached skill level 8 in Axes
  1462 | D:2      | Reached XP level 6. HP: 34/51 MP: 5/5
  2296 | D:3      | Reached *** piety under Trog
  2297 | D:3      | Reached skill level 9 in Axes
  2505 | D:3      | Noticed Grinder
  2518 | D:3      | Killed Grinder
  2519 | D:3      | Reached skill level 10 in Axes
  2519 | D:3      | Reached XP level 7. HP: 56/57 MP: 6/6
  2873 | D:4      | Reached skill level 11 in Axes
  2963 | D:4      | Found a staircase to the Ecumenical Temple.
  2982 | Temple   | Entered the Ecumenical Temple
  3152 | D:4      | Reached XP level 8. HP: 60/64 MP: 7/7
  3891 | D:5      | Entered Level 5 of the Dungeon
  4099 | D:5      | Reached **** piety under Trog
  4281 | D:5      | Found a shadowy altar of Dithmenos.
  4322 | D:5      | Noticed Duvessa
  4333 | D:5      | Killed Duvessa
  4333 | D:5      | Noticed Dowan
  4337 | D:5      | Killed Dowan
  4787 | D:6      | Noticed Maggie
  4795 | D:6      | Killed Maggie
  4796 | D:6      | Reached skill level 5 in Fighting
  4796 | D:6      | Reached skill level 12 in Axes
  4796 | D:6      | Reached skill level 5 in Armour
  4796 | D:6      | Reached XP level 9. HP: 74/74 MP: 8/8
  4798 | D:6      | Reached skill level 5 in Dodging
  4866 | D:6      | Found a transporter.
  4963 | D:6      | Found an iron altar of Okawaru.
  5150 | D:6      | Found a transporter.
  6412 | D:8      | Reached ***** piety under Trog
  6508 | D:8      | Found a staircase to the Lair.
  6543 | D:8      | Found a white marble altar of Elyvilon.
  6565 | D:8      | Noticed Erica
  6585 | D:8      | Killed Erica
  6586 | D:8      | Reached XP level 10. HP: 19/84 MP: 9/9
  7088 | D:9      | Received a gift from Trog
  8042 | D:10     | Entered Level 10 of the Dungeon
  8175 | D:10     | Found a flagged portal.
  8184 | Bailey   | Entered a bailey
  8248 | Bailey   | Noticed an orc knight
  8388 | Bailey   | Noticed an orc knight
  8388 | Bailey   | Noticed an orc knight
  8413 | Bailey   | Killed an orc knight
  8414 | Bailey   | Reached skill level 13 in Axes
  9006 | Bailey   | Identified a +0 pair of boots of running (You found it in a
                  | bailey)
  9408 | D:10     | Received a gift from Trog
  9415 | D:10     | Got a bone executioner's axe {god gift}
  9418 | D:10     | Identified the +9 executioner's axe "Nurut" {vorpal, rC+
                  | Int+3 Dex+2} (Trog gifted it to you on level 10 of the
                  | Dungeon)
 10301 | D:11     | Reached XP level 11. HP: 87/94 MP: 10/10
 10356 | D:11     | Noticed a boulder beetle
 10357 | D:11     | Found a blossoming altar of Fedhas.
 10383 | D:11     | Killed a boulder beetle
 10479 | D:11     | Noticed a centaur warrior
 10490 | D:11     | Reached skill level 10 in Armour
 10490 | D:11     | Identified the ring "Kig Zisiv" {*Corrode rF- Str+7 Int+6}
 10492 | D:11     | Noticed a frost giant
 10497 | D:11     | Killed a centaur warrior
 10497 | D:11     | Noticed a fire giant
 10498 | D:11     | Reached skill level 14 in Axes
 10498 | D:11     | HP: 1/142 [frost giant/bolt of cold (21)]
 10501 | D:11     | Killed from afar by a frost giant

Illustrated notes

Levels and vault maps discovered:
D:1:      onia_arrival_mini_spirals, layout_rooms, corexii_corridor_pit
D:2:      wad_crossroads, layout_rooms, serial_forest, infiniplex_forest_3_way,
          infiniplex_forest_pool, infiniplex_forest_clump_double,
          infiniplex_forest_corner_1, infiniplex_forest_lined_room_2,
          cheibrodos_gnoll_hut, uniq_sigmund
D:3:      layout_basic, grunt_decor_resistance, uniq_grinder
D:4:      layout_loops_corners, minmay_temple_entry_proselytizer
D:5:      layout_basic, nicolae_dithmenos_through_a_glass_darkly,
          minmay_misc_feat_tiny, nrook_uturn, uniq_duvessa
D:6:      gammafunk_cloud_chamber, layout_basic, minmay_misc_feat_more_columns,
          okawaru_ov_weapons_minmay, uniq_maggie
D:7:      layout_basic
D:8:      layout_cave_pools, lair_entry_dummy, elyvilon_altar_5, uniq_erica
D:9:      layout_basic
D:10:     layout_long_grid, enter_bailey_2
D:11:     minmay_complete_graph, layout_loops_ring, basic_altar,
          palyth_stone_intersect
Temple:   dpeg_three_leaves_temple

Skill      XL: |  1  2  3  4  5  6  7  8  9 10 11 |
---------------+----------------------------------+-----
Axes           | 4 5 6 7 8 10 11 12 13 14 | 14.1
Armour         | 5 8 9 10 | 10.2
Dodging        | 4 7 8 9 |  9.3
Fighting       | 5 6 8 |  8.6

Action                   |  1- 3 |  4- 6 |  7- 9 | 10-12 || total
-------------------------+-------+-------+-------+-------++-------
Melee: Hand axe          |    63 |   115 |   342 |   276 ||   796
       Headbutt          |    11 |    20 |    68 |    72 ||   171
       Executioner's axe |       |       |       |    11 ||    11
       Dagger            |       |       |       |     7 ||     7
Invok: Berserk           |       |     4 |     2 |     4 ||    10
       Trog's Hand       |       |       |     1 |       ||     1
  Use: Scroll            |       |       |    15 |     4 ||    19
 Stab: Sleeping          |       |     1 |       |       ||     1
Armor: Leather armour    |    13 |    14 |       |       ||    27
       Scale mail        |       |     8 |    36 |       ||    44
       Ring mail         |       |       |    19 |       ||    19
       Swamp dragon scal |       |       |    37 |    68 ||   105
       Chain mail        |       |       |       |    60 ||    60
Dodge: Dodged            |    52 |    60 |   139 |   160 ||   411

Table legend: (Time is in decaauts)
 A = Elapsed time spent in this place.
 B = Non-inter-level travel time spent in this place.
 C = Inter-level travel time spent in this place.
 D = Time resting spent in this place.
 E = Time spent auto-exploring this place.
 F = Levels seen in this place.
 G = Mean time per level.
                   A        B        C        D        E       F      G
               +--------+--------+--------+--------+--------+-----+--------+
         Total |  10434 |   9912 |    522 |   1328 |   6570 |  13 |  802.6 |
       Dungeon |   9355 |   8833 |    522 |    634 |   6553 |  11 |  850.5 |
        Temple |      1 |      1 |      0 |      0 |      0 |   1 |    1.0 |
        Bailey |   1076 |   1076 |      0 |    694 |     17 |   1 | 1076.0 |
               +--------+--------+--------+--------+--------+-----+--------+

Top non-repeatable levels by time:
     D:2: 1279 daAuts
     D:4: 1168 daAuts
     D:9: 1123 daAuts
  Bailey: 1076 daAuts
    D:10: 1042 daAuts
     D:5: 925 daAuts
     D:7: 779 daAuts
     D:1: 778 daAuts
     D:3: 724 daAuts
     D:8: 688 daAuts
     D:6: 623 daAuts
    D:11: 220 daAuts
  Temple: 1 daAuts
